 Dungeon Crawl Stone Soup version 0.30-a0-364-gf6b3ef1049 (webtiles) character file.

Game seed: 10453578239842210176

223584 Lobster4 the Polluter (level 19, -5/157 HPs)
             Began as a Merfolk Venom Mage on Nov 14, 2022.
             Was the Champion of Vehumet.
             Killed from afar by a will-o-the-wisp (26 damage)
             ... with a foxfire
             ... on level 2 of the Abyss on Nov 15, 2022.
             The game lasted 04:05:05 (53964 turns).

Lobster4 the Polluter (Merfolk Venom Mage)         Turns: 53964, Time: 04:05:05

Health: -5/157     AC: 13    Str:  7    XL:     19   Next: 27%
Magic:  35/35      EV: 11    Int: 28    God:    Vehumet [******]
Gold:   3207       SH: 12    Dex: 17    Spells: 7/28 levels left

rFire   . . .      SeeInvis +    b - +5 demon trident (freeze)
rCold   . . .      Faith    .    v - +1 buckler "Laotas" {Regen+ Dex+3 SInv}
rNeg    + . .      Spirit   .    Y - +1 scale mail of the Irksome Kraken {rElec rN+ Int+4 Stlth-}
rPois   +          Reflect  +    N - +0 helmet
rElec   +          Harm     .    V - +1 cloak
rCorr   .          Rampage  .    q - +1 pair of gloves
Will    +....                    f - +0 pair of boots {Fly}
Stlth   ..........               c - amulet "Wuiwkoq" {Reflect Fragile Fly rPois Int-2 SH+5}
HPRegen 1.26/turn                n - ring of magical power
MPRegen 0.24/turn                D - +6 ring of intelligence

@: about to teleport, flying
A: (nimble swimmer 2), mertail, [deformed body], [screaming 2], [weak 2]
}: 1/15 runes: barnacled
a: Renounce Religion


You were on level 2 of the Abyss.
You worshipped Vehumet.
Vehumet was exalted by your worship.
You visited 5 branches of the dungeon, and saw 29 of its levels.
You visited the Abyss 1 time.
You also visited: Trove, Ice Cave and Volcano.

You collected 4133 gold pieces.
You spent 926 gold pieces at shops.

Inventory:

Hand Weapons
 a - the +4 dagger "Morg" {pain, Will+ Int+5}
   (You found it on level 4 of the Dungeon)

   In the hands of one skilled in necromantic magic, it inflicts extra damage on
   living creatures.
   Int:       It affects your intelligence (+5).
   Will:      It increases your willpower.
 b - a +5 demon trident of freezing (weapon)
 w - the +6 dagger of the Ancients {speed, *Slow rElec rC+ Int+4}
   (You took it off a deep elf zephyrmancer on level 3 of the Elven Halls)

   Attacks with this weapon are significantly faster.
   Int:       It affects your intelligence (+4).
   rC:        It protects you from cold.
   rElec:     It insulates you from electricity.
   *Slow:     It may slow you when you take damage.
 O - a +2 vorpal trident
 S - the +10 scimitar "Soceshri" {vorpal, *Rage MP+9 Str+5 Dex+4}
   (You took it off a spriggan on level 5 of the Lair of Beasts)

   It inflicts extra damage upon your enemies.
   Str:       It affects your strength (+5).
   Dex:       It affects your dexterity (+4).
   MP:        It affects your magic capacity (+9).
   *Rage:     It berserks you when you make melee attacks (+20% chance).
Missiles
 F - 12 javelins
 R - 15 silver javelins
Armour
 f - a +0 pair of boots of flying (worn)
 q - a +1 pair of gloves (worn)
 v - the +1 buckler "Laotas" (worn) {Regen+ Dex+3 SInv}
   (You bought it in a shop on level 6 of the Dungeon)

   Dex:       It affects your dexterity (+3).
   SInv:      It lets you see invisible.
   Regen:     It increases your rate of health regeneration.
 N - a +0 helmet (worn)
 V - a +1 cloak (worn)
 Y - the +1 scale mail of the Irksome Kraken (worn) {rElec rN+ Int+4 Stlth-}
   (You bought it in a shop on level 6 of the Dungeon)

   Int:       It affects your intelligence (+4).
   rElec:     It insulates you from electricity.
   rN:        It protects you from negative energy.
   Stlth:     It makes you less stealthy.
Jewellery
 c - the amulet "Wuiwkoq" (around neck) {Reflect Fragile Fly rPois Int-2 SH+5}
   (You found it in a treasure trove)

   [amulet of reflection]

   It reflects blocked missile attacks.
   Int:       It affects your intelligence (-2).
   rPois:     It protects you from poison.
   Fly:       It grants you flight.
   Fragile:   It will be destroyed if unequipped.
   SH:        It affects your SH (+5).
 d - an amulet of magic regeneration
 g - a ring of see invisible
 k - an amulet of the acrobat
 n - a ring of magical power (left hand)
 D - a +6 ring of intelligence (right hand)
Wands
 j - a wand of mindburst (17)
 r - a wand of light (10)
 H - a wand of digging (9)
 I - a wand of roots (8)
Scrolls
 h - 11 scrolls of fog
 s - 2 scrolls of blinking
 y - a scroll of summoning
 z - 3 scrolls of poison
 A - a scroll of fear
 B - a scroll of enchant armour
 C - 2 scrolls of silence
 E - 4 scrolls of teleportation
 Q - 3 scrolls of immolation
 T - 7 scrolls of enchant weapon
Potions
 e - 2 potions of magic
 i - 3 potions of cancellation
 l - a potion of heal wounds
 m - 7 potions of haste
 o - a potion of invisibility
 p - 3 potions of resistance
 t - 9 potions of ambrosia
 u - 10 potions of curing
 M - 3 potions of lignification
 U - 4 potions of brilliance
 Z - 6 potions of berserk rage
Miscellaneous
 x - a box of beasts
 J - a condenser vane
 L - a tin of tremorstones (2/2)


   Skills:
 + Level 15.9 Fighting
 - Level 3.6(4.0) Short Blades
 - Level 2.2(3.2) Long Blades
 - Level 14.0 Polearms
 - Level 3.0 Throwing
 + Level 7.1 Armour
 - Level 12.0 Dodging
 - Level 3.0 Stealth
 - Level 5.0 Shields
 - Level 5.0 Spellcasting
 + Level 12.4 Conjurations
 - Level 2.0 Necromancy
 - Level 2.0 Transmutations
 - Level 5.0 Ice Magic
 + Level 10.8 Air Magic
 - Level 5.0 Earth Magic
 + Level 16.3 Poison Magic
 - Level 3.0 Evocations


You had 7 spell levels left.
You knew the following spells:

 Your Spells              Type           Power      Damage    Failure   Level
a - Sting                 Tmut/Pois      100%       1d8       1%          1
b - Magic Dart            Conj           100%       1d8       1%          1
c - Poisonous Vapours     Pois/Air       100%       N/A       1%          2
d - Sandblast             Erth           70%        2d15      2%          1
e - Mephitic Cloud        Conj/Pois/Air  69%        N/A       1%          3
f - Airstrike             Air            30%        2d(5-21)  2%          4
g - Freezing Cloud        Conj/Ice/Air   28%        6-21      12%         5
t - Olgreb's Toxic Radia  Pois           78%        N/A       1%          4

Your spell library contained the following spells:

 Spells                   Type           Power      Damage    Failure   Level
 Ignition                 Fire           3%         3d4       100%        8
 Shatter                  Erth           17%        3d16*     100%        9
 Foxfire                  Conj/Fire      100%       2x1d9     1%          1
 Searing Ray              Conj           100%       2d8       1%          2
 Hailstorm                Conj/Ice       54%        3d12      1%          3
 Freeze                   Ice            100%       1d10      2%          1
 Cigotuvi's Dreadful Rot  Necr/Pois/Air  100%       N/A       2%          2
 Momentum Strike          Conj/Tloc      82%        3d10      2%          2
 Lightning Bolt           Conj/Air       32%        1d49      4%          5
 Dazzling Flash           Conj/Hex       82%        N/A       5%          3
 Frozen Ramparts          Ice            70%        1d11      8%          3
 Flame Wave               Conj/Fire      41%        2d11      16%         4
 Fulminant Prism          Conj/Hex       20%        3d12      16%         4
 Sticky Flame             Conj/Fire      41%        2d6       16%         4
 Ozocubu's Armour         Ice            35%        N/A       28%         3
 Irradiate                Conj/Tmut      23%        3d19      28%         5
 Necrotise                Necr           72%        1d7       32%         1
 Fireball                 Conj/Fire      20%        3d10      38%         5
 Inner Flame              Hex/Fire       7%         N/A       47%         3
 Summon Lightning Spire   Summ/Air       37%        N/A       63%         4
 Orb of Destruction       Conj           33%        9d10      65%         7
 Vampiric Draining        Necr           18%        2d7       69%         3
 Blink                    Tloc           14%        N/A       75%         2
 Starburst                Conj/Fire      20%        6d7       89%         6
 Lesser Beckoning         Tloc           14%        N/A       92%         3
 Tukima's Dance           Hex            7%         N/A       92%         3
 Silence                  Hex/Air        18%        N/A       92%         5
 Summon Ice Beast         Ice/Summ       21%        N/A       95%         4
 Yara's Violent Unravell  Hex/Tmut       6%         3d5       96%         5
 Animate Dead             Necr           18%        N/A       97%         4
 Borgnjor's Vile Clutch   Necr/Erth      13%        N/A       99%         5
 Passage of Golubria      Tloc           7%         N/A       100%        4
 Agony                    Necr           18%        N/A       100%        5
 Blade Hands              Tmut           9%         N/A       100%        5
 Metabolic Englaciation   Hex/Ice        10%        N/A       100%        5
 Summon Mana Viper        Hex/Summ       7%         N/A       100%        5
 Simulacrum               Ice/Necr       13%        N/A       100%        6
 Haunt                    Necr/Summ      6%         N/A       100%        7
 Monstrous Menagerie      Summ           3%         N/A       100%        7
 Storm Form               Tmut/Air       21%        N/A       100%        7
 Infestation              Necr           9%         N/A       100%        8
 Maxwell's Capacitive Co  Air            30%        ∞         100%        8
 Necromutation            Tmut/Necr      9%         N/A       100%        8
 Polar Vortex             Ice            17%        N/A       100%        9


Dungeon Overview and Level Annotations

Branches:
Dungeon (15/15)            Temple (0/1) D:7            Lair (5/5) D:9
 Shoals (4/4) Lair:2        Snake (0/4) Lair:3        Slime (0/5) Lair:4
    Orc (2/2) D:11            Elf (3/3) Orc:2        Vaults (0/5) D:13
 Depths (0/4) D:15          IceCv (visited)         Volcano (visited)

Altars:
Cheibriados
Elyvilon
Hepliaklqana
Kikubaaqudgha
Nemelex Xobeh
Okawaru
Sif Muna
Uskayaw
Vehumet
Yredelemnul
Zin
Jiyva
Lugonu

Shops:
D:6 [   D:8 ([   D:9 (   Orc:2 *?*[*   Elf:2 =?![   Elf:3 (

Portals:
Abyss: Lair:5

Annotations:
D:10 2 transporters, Barsook's ghost, novice DsFi
D:13 6 runed translucent doors, KarmaKiller's ghost, journeyman GrBe; Rupert
Lair:5 3 runed translucent doors, SprigganGuy's ghost, journeyman DEAE
Elf:1 3 runed translucent doors, Sastro's ghost, adept OpAE; Xilixatu's ghost, adept DgFi; Xocounua's ghost, adept OpAE; holysushi's ghost, adept KoMo
Elf:2 3 runed translucent doors


Innate Abilities, Weirdness & Mutations

((You are very nimble when in or above water. (Stealth+, EV+, Speed+++)))
Your lower body shifts to a powerful aquatic tail in water.
[Armour fits poorly on your strangely shaped body.]
[You frequently scream uncontrollably at your foes.]
[You are very weak. (Str -4)]


Message History

You are shoved backwards!
You block the thrashing horror's attack.
The thrashing horror tramples you but does no damage.
A starcursed mass comes into view.
The ufetubus shouts!
Found a gateway leading deeper into the Abyss.
A starcursed mass splits.
The thrashing horror tramples you!
* * * LOW HITPOINT WARNING * * *
You hold your ground!
The thrashing horror closely misses you.
A chorus of shrieks assaults your mind.
* * * LOW HITPOINT WARNING * * *
A starcursed mass splits. x2
You feel much better.
The thrashing horror tramples you but does no damage.
You block the thrashing horror's attack.
A starcursed mass splits.
A will-o-the-wisp comes into view.
A starcursed mass splits.
The will-o-the-wisp gives a chilling moan.
The will-o-the-wisp gestures.
The will-o-the-wisp conjures some foxfire!
Tentacles burst from the starspawn's body!
The thrashing horror tramples you but does no damage. x2
The ufetubus barely misses you. x2 2 foxfires and 2 starspawn tentacles come into view.
The foxfire hits you!
* * * LOW HITPOINT WARNING * * *
The will-o-the-wisp gestures.
The will-o-the-wisp conjures some foxfire!
A chorus of shrieks assaults your mind.
* * * LOW HITPOINT WARNING * * *
The foxfire hits you!
* * * LOW HITPOINT WARNING * * *
A starcursed mass splits. 2 foxfires come into view.
The ufetubus attacks as you move away! The ufetubus barely misses you.
You block the ufetubus's attack. The foxfire hits you!!
You die...

# # . .# # ## ..##. ...
... .##.## .#..## .
..###.#.XX ....##...
...§§##X##...#....#.
#.vv##..#>###....
#.§§##XXΛ##*......#
#..###.v§.wX/XX..#....##
.......@.5.V4/..###..
..#####.....w...# ##4.#
##.........# # #
#.#.......# #.#
###.#.#....# #.*#
#.#......# #. #
.......... ...#
##....#...... . . #.#
*#####


You could see 3 starcursed masses, a tentacled starspawn, a thrashing horror, a
will-o-the-wisp, a chaos spawn, 2 starspawn tentacles and an ufetubus.

Vanquished Creatures
  Mlioglotl (Shoals:2)
  A deep elf blademaster (Elf:3)
  Polyphemus (Shoals:2)
  3 tentacled starspawn (Abyss:2)
  2 deep elf master archers (Elf:3)
  2 krakens
  Ilsuiw (Shoals:3)
  3 deep elf sorcerers
  5 deep elf elementalists (Elf:3)
  2 stone giants
  5 deep elf demonologists (Elf:3)
  4 deep elf annihilators
  A dire elephant (Lair:1)
  6 deep elf death magi
  A fire dragon (D:13)
  12 merfolk impalers
  A merfolk javelineer (Shoals:2)
  A deep elf high priest (D:13)
  4 vault guards (D:13)
  A hydra (shapeshifter) (Lair:5)
  6 merfolk avatars
  4 catoblepae
  Harold (Orc:1)
  An ogre mage (D:15)
  6 hydras
  6 satyrs
  3 centaur warriors
  6 two-headed ogres
  An alligator snapping turtle (Shoals:4)
  16 dancing weapons
  A death knight (D:14)
  3 death yaks (Shoals:2)
  A merfolk aquamancer (Shoals:4)
  A boulder beetle (D:13)
  2 tengu warriors
  5 orc high priests
  Urug (Lair:2)
  Nergalle (Orc:1)
  7 thrashing horrors
  Sonja (D:13)
  15 deep elf knights
  A skeletal warrior (D:13)
  9 sea snakes
  6 large abominations
  A kraken simulacrum (Shoals:4)
  A lindwurm (Lair:5)
  12 deep elf archers
  2 wizards (D:15)
  28 harpies
  22 deep elf pyromancers
  A necromancer (D:15)
  Pikel (D:4)
  7 ugly things
  28 deep elf zephyrmancers
  3 orc knights
  An oklob plant (Lair:3)
  A cyclops (shapeshifter) (Elf:3)
  4 orc sorcerers
  14 manticores
  4 cyclopes
  21 fauns
  18 merfolk sirens
  2 water nymphs (Shoals:4)
  4 black mambas
  14 elephants
  3 smoke demons (Lair:5)
  A molten gargoyle (Volcano)
  Joseph (Lair:1)
  9 cane toads
  A naga mage (D:15)
  4 gargoyles
  A kobold demonologist (D:11)
  4 komodo dragons
  A yaktaur (shapeshifter) (Elf:3)
  An anaconda simulacrum (IceCv)
  A freezing wraith (D:14)
  20 rime drakes
  3 ancient zymes
  3 tengu conjurers
  3 meliai (D:15)
  An efreet (Volcano)
  4 trolls
  A queen bee (shapeshifter) (D:13)
  A polar bear (Lair:4)
  A meliai (shapeshifter) (Elf:3)
  A queen bee (D:15)
  24 merfolk
  A wolf spider simulacrum (D:12)
  A blink frog (shapeshifter) (D:13)
  25 blink frogs
  A hornet (D:10)
  8 slime creatures
  6 wind drakes
  13 dream sheep
  7 snapping turtles
  3 water elementals
  5 air elementals
  3 vampires
  A spriggan (Lair:5)
  3 wraiths
  3 centaur simulacra (D:12)
  38 yaks
  Sigmund (D:2)
  3 wyverns
  3 ynoxinuls
  3 shadows
  3 fire elementals
  2 fire bats (Volcano)
  9 steam dragons
  6 basilisks
  10 vampire mosquitoes
  A warg (Orc:2)
  4 acid dragons
  8 nagas (Lair:3)
  12 small abominations (Lair:5)
  14 water moccasins
  A meliai simulacrum (D:12)
  24 orc warriors
  4 ice beasts
  2 black bears
  A sky beast (D:8)
  3 ogres
  5 wolves (Lair:5)
  4 centaurs
  7 kobold brigands
  3 gnoll sergeants
  16 bullfrogs
  3 earth elementals
  A necrophage (D:7)
  2 scorpions
  A wight (D:8)
  30 killer bees
  2 howler monkeys
  4 electric eels
  A quasit (Abyss:2)
  A bullfrog zombie (D:4)
  3 jellies
  6 lava snakes (Volcano)
  A bullfrog skeleton (D:4)
  28 orc priests
  A boggart zombie (D:15)
  4 hounds
  An iron imp (D:8)
  Crazy Yiuf (D:3)
  A gnoll bouda (Orc:2)
  Terence (D:2)
  A scorpion zombie (D:4)
  Jessica (D:2)
  24 orc wizards
  Natasha (thrice) (D:4)
  A hound zombie (D:4)
  A hound skeleton (D:4)
  23 gnolls
  8 adders
  5 white imps
  An adder zombie (D:4)
  89 orcs
  7 endoplasms
  3 giant cockroaches
  8 goblins
  6 hobgoblins
  5 jackals
  28 kobolds
  5 quokkas
  6 ball pythons
  4 bats
  3 frilled lizards
  5 rats
  A lurking horror (Abyss:2)
  4 starspawn tentacles (Abyss:2)
  3 tentacles
1043 creatures vanquished.

Vanquished Creatures (others)
  A fire dragon (D:13)
  A merfolk impaler (Shoals:2)
  A manticore (D:11)
  A centaur simulacrum (D:15)
  A steam dragon (Lair:3)
  A meliai simulacrum (D:15)
  A boggart simulacrum (D:15)
  An orc (D:15)
  2 foxfires (Abyss:2)
  31 fungi
  151 plants
  9 starspawn tentacles (Abyss:2)
  15 tentacles
  10 toadstools (Lair:1)
  22 withered plants
248 creatures vanquished.

Grand Total: 1291 creatures vanquished

Notes
Turn   | Place    | Note
-------+----------+-------------------------------------------
     0 | D:1      | Lobster4 the Merfolk Venom Mage began the quest for the
                  | Orb.
     0 | D:1      | Reached XP level 1. HP: 13/13 MP: 3/3
   172 | D:1      | Reached XP level 2. HP: 20/20 MP: 1/5
   756 | D:1      | Reached skill level 1 in Fighting
  1110 | D:2      | Reached XP level 3. HP: 20/26 MP: 6/6
  1169 | D:2      | Noticed Sigmund
  1222 | D:1      | Learned a level 2 spell: Poisonous Vapours
  1224 | D:1      | Learned a level 1 spell: Magic Dart
  1326 | D:2      | Noticed Terence
  1542 | D:2      | Noticed Jessica
  1548 | D:2      | Killed Jessica
  1549 | D:2      | Reached XP level 4. HP: 32/32 MP: 7/7
  1617 | D:2      | Killed Terence
  1618 | D:2      | Reached skill level 1 in Short Blades
  1912 | D:2      | Killed Sigmund
  1913 | D:2      | Reached skill level 1 in Armour
  1913 | D:2      | Reached skill level 1 in Conjurations
  1913 | D:2      | Reached skill level 1 in Air Magic
  1913 | D:2      | Reached skill level 4 in Poison Magic
  1913 | D:2      | Reached XP level 5. HP: 38/38 MP: 7/9
  1913 | D:2      | Reached XP level 6. HP: 44/44 MP: 7/10
  2728 | D:3      | Got the Writings on the Dead
  3153 | D:3      | Found a glowing silver altar of Zin.
  3316 | D:4      | Found an ancient bone altar of Kikubaaqudgha.
  3316 | D:4      | Found a basalt altar of Yredelemnul.
  3323 | D:4      | Found a radiant altar of Vehumet.
  3325 | D:4      | Found a sparkling altar of Nemelex Xobeh.
  3327 | D:4      | Found a hazy altar of Hepliaklqana.
  3330 | D:4      | Became a worshipper of Vehumet
  3532 | D:4      | Reached skill level 1 in Polearms
  3844 | D:4      | Reached XP level 7. HP: 37/51 MP: 11/11
  4125 | D:4      | Noticed Natasha
  4140 | D:4      | Killed Natasha
  4263 | D:4      | Found the +4 dagger "Morg" {pain, Will+ Int+5}
  4480 | D:4      | Reached * piety under Vehumet
  4480 | D:4      | Offered knowledge of Sandblast by Vehumet.
  4485 | D:4      | Learned a level 1 spell: Sandblast
  4537 | D:4      | Noticed Natasha
  4546 | D:4      | Killed Natasha
  4569 | D:4      | Noticed Natasha
  4578 | D:4      | Killed Natasha
  4694 | D:5      | Entered Level 5 of the Dungeon
  5005 | D:5      | Noticed Pikel
  5221 | D:4      | Killed Pikel
  5222 | D:4      | Reached skill level 5 in Dodging
  5222 | D:4      | Reached skill level 1 in Necromancy
  5222 | D:4      | Reached skill level 1 in Earth Magic
  5222 | D:4      | Reached XP level 8. HP: 10/58 MP: 8/12
  5653 | D:5      | Found a white marble altar of Elyvilon.
  5918 | D:6      | Reached skill level 5 in Poison Magic
  6209 | D:6      | Identified the +1 ring mail "Nebaf" {Will+ Int-4 Dex+2}
  6387 | D:6      | Found Ozxyilod's Antique Armour Boutique.
  6399 | D:6      | Bought an ancient buckler for 266 gold pieces
  6399 | D:6      | Identified the +1 buckler "Laotas" {Regen+ Dex+3 SInv} (You
                  | bought it in a shop on level 6 of the Dungeon)
  6428 | D:6      | Reached XP level 9. HP: 30/65 MP: 13/13
  6698 | D:6      | Reached skill level 1 in Shields
  6962 | D:6      | Identified the ring of the Elephant {Fly Dex+3 Stlth+}
  7217 | D:6      | Reached ** piety under Vehumet
  7221 | D:6      | Offered knowledge of Scorch by Vehumet.
  7705 | D:7      | Found a staircase to the Ecumenical Temple.
  7715 | D:7      | Found a hide-covered altar of Uskayaw.
  7722 | D:7      | Found an iron altar of Okawaru.
  8119 | D:8      | Found Toepp's Weapon Shoppe.
  8607 | D:8      | Found a snail-covered altar of Cheibriados.
  8648 | D:8      | Offered knowledge of Momentum Strike by Vehumet.
  8653 | D:8      | Learned a level 3 spell: Mephitic Cloud
  8860 | D:8      | Found Popsocee's Antique Armour Shop.
  9006 | D:8      | Found a shimmering blue altar of Sif Muna.
  9303 | D:8      | Reached XP level 10. HP: 68/73 MP: 12/14
  9397 | D:8      | Reached *** piety under Vehumet
  9407 | D:8      | Reached skill level 6 in Poison Magic
  9535 | D:8      | Offered knowledge of Airstrike by Vehumet.
  9543 | D:8      | Learned a level 4 spell: Airstrike
  9663 | D:8      | Reached skill level 5 in Polearms
  9946 | D:9      | Reached skill level 5 in Fighting
  9953 | D:9      | Reached skill level 1 in Throwing
 10182 | D:9      | Reached **** piety under Vehumet
 10499 | D:9      | Offered knowledge of Iskenderun's Mystic Blast by Vehumet.
 10774 | D:9      | Found Zaots's Weapon Emporium.
 11157 | D:9      | Found a staircase to the Lair.
 11380 | D:10     | Entered Level 10 of the Dungeon
 11458 | D:10     | Noticed a two-headed ogre
 11466 | D:10     | Killed a two-headed ogre
 11467 | D:10     | Reached skill level 5 in Shields
 11467 | D:10     | Reached skill level 1 in Evocations
 11677 | D:10     | Found a transporter.
 11682 | D:10     | Noticed Barsook's ghost (novice DsFi)
 11702 | D:10     | Found a transporter.
 12276 | D:11     | Noticed a two-headed ogre
 12335 | D:11     | Noticed a kobold demonologist
 12348 | D:11     | Killed a kobold demonologist
 12578 | D:11     | Found a staircase to the Orcish Mines.
 12597 | D:11     | Identified a scroll of acquirement
 12597 | D:11     | Acquired a +1 demon trident of draining
 12622 | D:11     | Reached skill level 7 in Poison Magic
 12636 | D:11     | Reached XP level 11. HP: 81/81 MP: 4/15
 12937 | D:11     | Reached skill level 1 in Long Blades
 12937 | D:11     | Killed a two-headed ogre
 13178 | D:11     | Noticed a brown ugly thing
 13178 | D:11     | Noticed a manticore
 13244 | D:11     | Learned a level 4 spell: Olgreb's Toxic Radiance
 13245 | Orc:1    | Entered Level 1 of the Orcish Mines
 13245 | Orc:1    | Noticed an orc knight
 13253 | Orc:1    | Killed an orc knight
 13335 | Orc:1    | Noticed Harold
 13352 | Orc:1    | Reached ***** piety under Vehumet
 13389 | Orc:1    | Offered knowledge of Eringya's Noxious Bog by Vehumet.
 13476 | Orc:1    | Killed Harold
 13477 | Orc:1    | Reached skill level 5 in Conjurations
 13638 | Orc:1    | Found a radiant altar of Vehumet.
 13812 | Orc:2    | Entered Level 2 of the Orcish Mines
 14084 | Orc:1    | Noticed Nergalle
 14141 | Orc:1    | Noticed a spectral orc warlord
 14420 | Orc:2    | Noticed an orc high priest
 14459 | Orc:2    | Killed an orc high priest
 14726 | Orc:2    | Found Ocri's General Store.
 14883 | Orc:2    | Noticed an orc high priest
 14893 | Orc:2    | Killed an orc high priest
 14894 | Orc:2    | Reached skill level 8 in Poison Magic
 14979 | Orc:2    | Noticed an orc sorcerer
 14988 | Orc:2    | Killed an orc sorcerer
 14990 | Orc:2    | Noticed an orc high priest
 15080 | Orc:2    | Noticed an orc high priest
 15085 | Orc:2    | Noticed a soul eater
 15099 | Orc:2    | Killed an orc high priest
 15100 | Orc:2    | Reached XP level 12. HP: 25/91 MP: 17/17
 15268 | Orc:2    | Killed an orc high priest
 15356 | Orc:2    | Found a staircase to the Elven Halls.
 15412 | Orc:2    | Found Lecsohuir's General Store.
 15412 | Orc:2    | Found Ylidy's Magic Scroll Boutique.
 15413 | Orc:2    | Found Moneoh's Antique Armour Shop.
 15417 | Orc:2    | Found Tipruic's General Store.
 15499 | Orc:1    | Killed Nergalle
 15766 | D:11     | Offered knowledge of Lee's Rapid Deconstruction by Vehumet.
 16264 | D:12     | Reached skill level 5 in Earth Magic
 16320 | D:12     | Reached skill level 10 in Dodging
 16983 | Lair:1   | Entered Level 1 of the Lair of Beasts
 17251 | Lair:1   | Reached skill level 9 in Poison Magic
 17489 | Lair:1   | Noticed Joseph
 17511 | Lair:1   | Killed Joseph
 18449 | Lair:1   | Noticed a catoblepas
 18696 | Lair:2   | Reached XP level 13. HP: 100/100 MP: 12/19
 18814 | Lair:2   | Reached skill level 5 in Air Magic
 18948 | Lair:2   | Noticed Urug
 18972 | Lair:2   | Killed Urug
 19029 | Lair:2   | Found a staircase to the Shoals.
 19359 | Lair:1   | Found a runed translucent door.
 19383 | Lair:1   | Noticed a dire elephant
 19513 | Lair:1   | Reached skill level 10 in Poison Magic
 19779 | Lair:1   | Killed a dire elephant
 19900 | Lair:1   | Identified the ring of Zovvubbuz {rN+ Slay+3}
 20642 | Lair:3   | Reached skill level 10 in Polearms
 20908 | Lair:3   | Reached skill level 10 in Fighting
 21653 | Lair:3   | Found a staircase to the Snake Pit.
 21948 | Lair:3   | Offered knowledge of Freezing Cloud by Vehumet.
 21949 | Lair:3   | Reached skill level 5 in Spellcasting
 21955 | Lair:3   | Learned a level 5 spell: Freezing Cloud
 22266 | Lair:3   | Reached skill level 1 in Ice Magic
 22266 | Lair:3   | Reached XP level 14. HP: 111/111 MP: 21/21
 22762 | Lair:4   | Reached skill level 11 in Poison Magic
 22801 | Lair:4   | Found a viscous altar of Jiyva.
 22802 | Lair:4   | Found a staircase to the Slime Pits.
 23755 | Lair:5   | Entered Level 5 of the Lair of Beasts
 23911 | Lair:5   | Found a dark tunnel.
 23917 | Volcano  | Entered a volcano
 24451 | Volcano  | Found a radiant altar of Vehumet.
 24569 | Volcano  | Noticed a stone giant
 24577 | Volcano  | Killed a stone giant
 25867 | Lair:5   | Offered knowledge of Arcjolt by Vehumet.
 26729 | Lair:5   | Found a runed translucent gate.
 26731 | Lair:5   | Found a runed translucent gate.
 27079 | Lair:5   | Found a runed translucent gate.
 27081 | Lair:5   | Noticed SprigganGuy's ghost (journeyman DEAE)
 27252 | Lair:5   | Reached skill level 5 in Ice Magic
 27658 | Lair:5   | Reached skill level 12 in Poison Magic
 28118 | Lair:5   | Identified the +10 scimitar "Soceshri" {vorpal, *Rage MP+9
                  | Str+5 Dex+4}
 28121 | Lair:5   | Reached XP level 15. HP: 119/119 MP: 10/22
 28631 | Lair:5   | Found a corrupted altar of Lugonu.
 28631 | Lair:5   | Found a one-way gate to the infinite horrors of the Abyss.
 28920 | D:6      | Bought a warped scale mail for 252 gold pieces
 28920 | D:6      | Identified the +1 scale mail of the Irksome Kraken {rElec
                  | rN+ Int+4 Stlth-} (You bought it in a shop on level 6 of
                  | the Dungeon)
 29110 | D:3      | Found a runed translucent door.
 29111 | D:3      | Noticed Crazy Yiuf
 29118 | D:3      | Killed Crazy Yiuf
 30674 | D:3      | Acquired 1085 gold pieces
 31204 | D:13     | Noticed Sonja
 31207 | D:13     | Killed Sonja
 31350 | D:13     | Found a gate to the Vaults.
 31797 | D:13     | Found a portal to a secret trove of treasure.
 31869 | D:13     | Found a runed translucent gate.
 31869 | D:13     | Found a runed translucent gate.
 31869 | D:13     | Noticed a rockslime
 31869 | D:13     | Noticed KarmaKiller's ghost (journeyman GrBe)
 31869 | D:13     | Noticed an acid blob
 31870 | D:13     | Found a runed translucent gate.
 31870 | D:13     | Noticed an azure jelly
 31870 | D:13     | Noticed an acid blob
 31871 | D:13     | Noticed an azure jelly
 31871 | D:13     | Noticed an azure jelly
 31871 | D:13     | Noticed an azure jelly
 31872 | D:13     | Noticed an azure jelly
 31940 | D:13     | Found a runed translucent door.
 31943 | D:13     | Found a runed translucent door.
 31943 | D:13     | Found a runed translucent door.
 31979 | D:13     | Noticed Rupert
 32050 | D:13     | Found a viscous altar of Jiyva.
 32059 | D:13     | Offered knowledge of Spellforged Servitor by Vehumet.
 33655 | Shoals:1 | Entered Level 1 of the Shoals
 33755 | Shoals:1 | Reached skill level 5 in Armour
 33883 | Shoals:1 | Reached skill level 13 in Poison Magic
 34631 | Shoals:1 | Noticed a kraken
 34669 | Shoals:1 | Killed a kraken
 34881 | Shoals:1 | Reached XP level 16. HP: 129/129 MP: 23/23
 35200 | Shoals:2 | Noticed Mlioglotl
 35279 | Shoals:1 | Reached skill level 10 in Conjurations
 35633 | Shoals:2 | Noticed Polyphemus
 35647 | Shoals:2 | Killed Polyphemus
 36653 | Shoals:2 | Identified the +2 leather armour of the Dungeon {rElec
                  | rPois Slay-4}
 36840 | Shoals:2 | Offered knowledge of Ozocubu's Refrigeration by Vehumet.
 36960 | Shoals:2 | Killed Mlioglotl
 37809 | Shoals:2 | Noticed a kraken
 38185 | Shoals:2 | Got Peff's Directory of Transmogrification
 38315 | Shoals:3 | Reached skill level 14 in Poison Magic
 39770 | Shoals:3 | Noticed a kraken
 39879 | Shoals:3 | Noticed Ilsuiw
 39898 | Shoals:3 | Killed Ilsuiw
 40195 | Shoals:3 | Reached XP level 17. HP: 139/139 MP: 10/24
 40572 | Shoals:3 | Killed a kraken
 40902 | Shoals:4 | Entered Level 4 of the Shoals
 41018 | Shoals:4 | Offered knowledge of Conjure Ball Lightning by Vehumet.
 41692 | Shoals:4 | Identified the +8 hand axe of Ruination {elec, rPois Int+3
                  | Dex-3 Stlth+}
 42830 | Shoals:4 | Identified the +6 falchion "Jemuobri" {pain, Int+2 Stlth+}
 43134 | Shoals:4 | Got a barnacled rune of Zot
 44274 | D:15     | Entered Level 15 of the Dungeon
 45054 | D:15     | Reached ****** piety under Vehumet
 45100 | D:15     | Offered knowledge of Shatter by Vehumet.
 45100 | D:15     | Offered knowledge of Ignition by Vehumet.
 45100 | D:15     | Offered knowledge of Maxwell's Capacitive Coupling by
                  | Vehumet.
 45325 | D:15     | Reached skill level 10 in Air Magic
 45614 | D:15     | Reached skill level 15 in Poison Magic
 45644 | D:15     | Paralysed by an ogre mage for 5 turns
 45727 | D:15     | Found a radiant altar of Vehumet.
 45802 | D:15     | Found a staircase to the Depths.
 45887 | D:15     | Found the +8 Vampire's Tooth {vamp}
 46986 | Elf:1    | Entered Level 1 of the Elven Halls
 46994 | Orc:2    | Paralysed by an air elemental for 1 turns
 47229 | Elf:1    | Reached XP level 18. HP: 116/148 MP: 12/25
 47453 | Elf:1    | Found a runed translucent gate.
 47453 | Elf:1    | Found a runed translucent gate.
 47453 | Elf:1    | Found a runed translucent gate.
 47455 | Elf:1    | Noticed holysushi's ghost (adept KoMo)
 47455 | Elf:1    | Noticed Xocounua's ghost (adept OpAE)
 47456 | Elf:1    | Noticed Sastro's ghost (adept OpAE)
 47457 | Elf:1    | Noticed Xilixatu's ghost (adept DgFi)
 47948 | D:13     | You paid a toll of 2 scrolls of acquirement to enter a
                  | treasure trove
 47949 | Trove    | Entered a treasure trove
 47967 | Trove    | Identified the amulet "Wuiwkoq" {Reflect Fragile Fly rPois
                  | Int-2 SH+5}
 47969 | Trove    | Identified the amulet "Uduepten" {Acrobat Fly}
 47971 | Trove    | Identified the amulet "Lenew" {Acrobat rN+}
 47973 | Trove    | Identified the amulet of Ykirril {rPois Regen+ Str+4 Dex+6
                  | Slay-5}
 48041 | Trove    | Identified the +2 pair of gloves "Gaudduph" {rF- Int+5}
 48042 | Trove    | Identified the +7 scale mail of Beloved Beauty {rF+ rN+
                  | Regen+}
 48044 | Trove    | Identified the +0 pair of gloves "Wim Yli" {-Tele rN+
                  | Str+4}
 48299 | Elf:1    | Reached skill level 15 in Fighting
 48912 | Elf:1    | Got the Compilation of Unified Conjuration
 49411 | Elf:2    | Found a frozen archway.
 49467 | IceCv    | Entered an ice cave
 49700 | Elf:2    | Paralysed by an air elemental for 1 turns
 50107 | Elf:2    | Found Duxtumyco's Distillery.
 50109 | Elf:2    | Found Icaog's Armour Boutique.
 50109 | Elf:2    | Found Afugeupn's Jewellery Shop.
 50187 | Elf:2    | Found Xoetal's Magic Scroll Shop.
 50193 | Elf:2    | Bought a scroll of blinking for 120 gold pieces
 50193 | Elf:2    | Bought a scroll of blinking for 120 gold pieces
 50193 | Elf:2    | Bought a scroll of magic mapping for 120 gold pieces
 50193 | Elf:2    | Bought a scroll of teleportation for 48 gold pieces
 50735 | Elf:2    | Paralysed by an air elemental for 1 turns
 50856 | Elf:2    | Found a runed translucent gate.
 50857 | Elf:2    | Found a runed translucent gate.
 50857 | Elf:2    | Found a runed translucent gate.
 51014 | Elf:3    | Entered Level 3 of the Elven Halls
 51379 | Elf:3    | Found Uxkel's Weapon Emporium.
 52949 | Elf:3    | Noticed a Brimstone Fiend
 52991 | Elf:3    | Reached skill level 16 in Poison Magic
 53053 | Elf:3    | Identified the +6 dagger of the Ancients {speed, *Slow
                  | rElec rC+ Int+4}
 53129 | Elf:3    | Noticed a deep elf master archer
 53133 | Elf:3    | Killed a deep elf master archer
 53182 | Elf:3    | Noticed a deep elf blademaster
 53183 | Elf:3    | Reached XP level 19. HP: 134/157 MP: 16/26
 53368 | Elf:3    | Noticed a Tzitzimitl
 53577 | Abyss:2  | Found a corrupted altar of Lugonu.
 53577 | Abyss:2  | Cast into level 2 of the Abyss (a ghostly deep elf
                  | demonologist)
 53964 | Abyss:2  | Killed from afar by a will-o-the-wisp

Illustrated notes

Levels and vault maps discovered:
D:1:      denvon_arrival_planthouse, layout_rooms, minmay_misc_feat_more_columns
D:2:      layout_rooms, serial_glass, glass_columns_a, glass_columns_a,
          glass_columns_a, glass_columns_a, glass_columns_a, glass_columns_b,
          glass_columns_a, glass_columns_c, uniq_terence, uniq_sigmund,
          uniq_jessica
D:3:      layout_loops_ring, zin_treasury, uniq_crazy_yiuf_cottage
D:4:      layout_loops_cross, chequers_temple_overflow_minitemple,
          hangedman_abyss_or_decor_passed, dilly_guarded_unrand_morg
D:5:      lemuel_ice_spiral_2, layout_basic, elyvilon_altar_1, uniq_pikel
D:6:      layout_rooms, serial_shops, nicolae_shop_waterfront,
          grunt_ministairs_9
D:7:      layout_basic, mainiacjoe_overflow_large_starburst,
          minmay_temple_entry_junction
D:8:      layout_loops_ring, chei_slow_surprise, lemuel_blue_sif_altar,
          special_room [special_room_orc], serial_shops,
          nicolae_shop_bloodbath_and_beyond, minmay_misc_feat_chi,
          minmay_crystal_room, kennysheep_windowed_goal
D:9:      layout_gridville, lair_entry_dummy, serial_shops,
          nicolae_shop_waterfront, mrwooster_statue_mirror
D:10:     layout_basic, gammafunk_ghost_stat_death
D:11:     layout_roguey, minmay_orc_entry_temple_small
D:12:     layout_stronghold, serial_ice, serial_ice_i, serial_ice_m,
          serial_ice_b, serial_ice_n, bh_walls_and_bars
D:13:     minmay_the_grid_triangle_9x9_recursive_2_mashed
          [minmay_the_grid_triangle_9x9_prize_schism,
          minmay_the_grid_triangle_9x9_corrupted_corridor,
          minmay_the_grid_triangle_9x9_zippers_horizontal,
          minmay_the_grid_triangle_9x9_fully_insulated_deathbox], layout_basic,
          lightli_vaults_fourway_checkpoint, nicolae_trove_entry_diagonal,
          gammafunk_ghost_ooze, minmay_checkered_concentric_circles, uniq_sonja,
          uniq_rupert
D:14:     layout_loops_ring, abandoned_shop
D:15:     grunt_enter_depths_magical_seal, layout_loops_corners, special_room
          [special_room_bee], fiery_altar_vehumet
Lair:1:   gammafunk_lair_enchanted_lake, layout_cave_pods, st_stairs_4,
          infiniplex_staircase_pool_2, uniq_joseph
Lair:2:   layout_roguey, elwin_shoals_entry_rooms, uniq_urug
Lair:3:   layout_cave_shapes, minmay_snake_entry_guardpost_large,
          bobbens_dragon_lair_wall
Lair:4:   layout_gridlike, slime_entry_1
Lair:5:   hellmonk_lair_end_abyssal_woods, layout_small_grid,
          nicolae_volcano_entry_two_sided, gammafunk_ghost_icy,
          serial_bayou_shore_a
Shoals:1: layout_shoals
Shoals:2: layout_shoals, nicolae_shoals_dead_sea_scrolls, uniq_polyphemus,
          uniq_mlioglotl
Shoals:3: layout_shoals, uniq_ilsuiw
Shoals:4: shoals_end_grunt_ice, layout_shoals
Orc:1:    layout_caves, basic_altar, uniq_harold, uniq_nergalle
Orc:2:    st_orc_mages, layout_caves, serial_shops, shop
Elf:1:    layout_gridlike, gammafunk_ghost_cemetery, minmay_elf_sorcery
Elf:2:    nicolae_elf_blades_crystal_corner, layout_gridlike,
          portal_ice_cave_entry_pillars_four, minmay_shoptagon
Elf:3:    grunt_elf_hall_asides, layout_gridlike, serial_shops,
          nicolae_shop_trees, grunt_megastairs_5
Abyss:2:  base:
Snake:2

Skill      XL: |  1  2  3  4  5  6  7  8  9 10 11 12 13 14 15 16 17 18 19 |
---------------+----------------------------------------------------------+-----
Transmutations | 2 |  2.0
Dodging        | 3 4 5 6 8 9 10 11 12 | 12.0
Fighting       | 1 2 3 4 6 7 8 10 11 12 14 15 | 15.9
Short Blades   | 1 2 3 |  3.6
Stealth        | 3 |  3.0
Armour         | 1 2 3 5 6 7 |  7.1
Conjurations   | 1 2 3 4 5 6 7 8 9 10 11 12 | 12.4
Air Magic      | 1 2 3 4 5 7 8 9 10 | 10.8
Poison Magic   | 4 5 7 8 9 10 12 13 14 15 16 | 16.3
Polearms       | 1 2 3 4 5 6 8 10 12 14 | 14.0
Spellcasting   | 3 4 5 |  5.0
Necromancy     | 1 2 |  2.0
Earth Magic    | 1 2 3 4 5 |  5.0
Shields        | 3 5 |  5.0
Throwing       | 1 2 3 |  3.0
Evocations     | 2 3 |  3.0
Long Blades    | 2 |  2.2
Ice Magic      | 1 5 |  5.0

Action                   |  1- 3 |  4- 6 |  7- 9 | 10-12 | 13-15 | 16-18 | 19-21 || total
-------------------------+-------+-------+-------+-------+-------+-------+-------++-------
Melee: Club              |    21 |       |       |       |       |       |       ||    21
       Unarmed           |     1 |       |       |       |       |       |       ||     1
       Short sword       |    21 |    47 |    49 |    79 |       |       |       ||   196
       Punch             |     1 |       |     4 |       |       |       |       ||     5
       Dagger            |       |       |   116 |   136 |   290 |   135 |    15 ||   692
       Trident           |       |       |       |   242 |    70 |       |       ||   312
       Tailslap          |       |       |       |       |     4 |       |       ||     4
       Scimitar          |       |       |       |       |     6 |       |       ||     6
       Demon trident     |       |       |       |       |       |    89 |    79 ||   168
Throw: Javelin           |       |       |       |     3 |     5 |     7 |       ||    15
       Throwing net      |       |       |       |     1 |       |       |       ||     1
 Cast: Sting             |    57 |    20 |    12 |    13 |     5 |     1 |       ||   108
       Magic Dart        |     8 |    34 |    42 |    37 |    39 |    71 |       ||   231
       Poisonous Vapours |       |    26 |   181 |   257 |   203 |   249 |    10 ||   926
       Sandblast         |       |       |    38 |   109 |    30 |    54 |     3 ||   234
       Mephitic Cloud    |       |       |     1 |    22 |     7 |    12 |     1 ||    43
       Olgreb's Toxic Ra |       |       |       |    30 |    41 |    54 |     7 ||   132
       Airstrike         |       |       |       |    37 |   346 |   393 |    17 ||   793
       Freezing Cloud    |       |       |       |       |    38 |   114 |    10 ||   162
Evoke: Wand              |       |       |       |     3 |     7 |     3 |     2 ||    15
       Box of beasts     |       |       |       |     1 |       |       |       ||     1
       Tin of tremorston |       |       |       |       |       |     3 |       ||     3
       Condenser vane    |       |       |       |       |       |     1 |       ||     1
  Use: Scroll            |     2 |     4 |     4 |    19 |     8 |     7 |     1 ||    45
       Potion            |       |       |     2 |     7 |     3 |     7 |     3 ||    22
 Stab: Sleeping          |       |     3 |       |     1 |     4 |       |       ||     8
       Confused          |       |       |       |     8 |       |     3 |       ||    11
       Petrified         |       |       |       |       |     6 |       |       ||     6
       Invisible         |       |       |       |       |       |     1 |       ||     1
Armor: Robe              |    11 |     1 |       |       |       |       |       ||    12
       Leather armour    |       |     4 |    33 |     5 |     1 |    14 |       ||    57
       Skin              |       |       |     6 |       |       |       |       ||     6
       Steam dragon scal |       |       |       |    77 |   106 |    47 |       ||   230
       Scale mail        |       |       |       |       |       |    29 |    42 ||    71
Dodge: Dodged            |    66 |    27 |   128 |   288 |   373 |   342 |    57 ||  1281
Block: Other             |     7 |    11 |    54 |     9 |       |       |       ||    81
       Reflection        |       |     1 |     5 |     6 |    15 |    63 |     2 ||    92
       Buckler           |       |       |       |   313 |   313 |   319 |    64 ||  1009

Table legend: (Time is in decaauts)
 A = Elapsed time spent in this place.
 B = Non-inter-level travel time spent in this place.
 C = Inter-level travel time spent in this place.
 D = Time resting spent in this place.
 E = Time spent auto-exploring this place.
 F = Levels seen in this place.
 G = Mean time per level.
                   A        B        C        D        E       F      G
               +--------+--------+--------+--------+--------+-----+--------+
         Total |  52933 |  49129 |   3804 |  12192 |  26427 |  33 | 1604.0 |
       Dungeon |  22875 |  20182 |   2693 |   4037 |  11796 |  15 | 1525.0 |
          Lair |  10825 |  10303 |    522 |   1980 |   5977 |   5 | 2165.0 |
        Shoals |   9018 |   8737 |    281 |   3074 |   4236 |   4 | 2254.5 |
  Orcish Mines |   3006 |   2772 |    234 |    690 |   1179 |   2 | 1503.0 |
   Elven Halls |   5706 |   5634 |     72 |   1820 |   2800 |   3 | 1902.0 |
         Abyss |    361 |    361 |      0 |    188 |     34 |   1 |  361.0 |
         Trove |    111 |    111 |      0 |      0 |     58 |   1 |  111.0 |
      Ice Cave |     15 |     15 |      0 |      0 |      0 |   1 |   15.0 |
       Volcano |   1012 |   1012 |      0 |    403 |    346 |   1 | 1012.0 |
               +--------+--------+--------+--------+--------+-----+--------+

Top non-repeatable levels by time:
  Lair:5: 3862 daAuts
Shoals:2: 2752 daAuts
Shoals:3: 2457 daAuts
   Elf:3: 2378 daAuts
   Orc:2: 2277 daAuts
Shoals:4: 2129 daAuts
    D:12: 2100 daAuts
  Lair:1: 2062 daAuts
     D:8: 2052 daAuts
  Lair:3: 2028 daAuts
     D:4: 1975 daAuts
   Elf:2: 1924 daAuts
  Lair:2: 1804 daAuts
    D:11: 1772 daAuts
Shoals:1: 1679 daAuts
